 Dungeon Crawl Stone Soup version 0.30.1-11-g7821555f0a (webtiles) character file.

Game seed: 15473562686315765974

1913 Jerry the Cudgeller (level 8, -13/80 HPs)
             Began as a Troll Gladiator on Dec 8, 2023.
             Mangled by Joseph
             ... wielding a +0 quarterstaff
              (15 damage)
             ... on level 7 of the Dungeon.
             The game lasted 00:20:53 (4999 turns).

Jerry the Cudgeller (Troll Gladiator)               Turns: 4999, Time: 00:20:54

Health: -13/80     AC:  6    Str: 25    XL:     8   Next: 95%
Magic:  7/7        EV: 11    Int:  4    God:
Gold:   383        SH:  0    Dex: 11    Spells: 7/7 levels left

rFire   . . .        k - +5 whip
rCold   . . .        (no shield)
rNeg    . . .        b - +0 robe
rPois   .            c - +1 hat
rElec   .            f - +0 cloak
rCorr   .            (gloves unavailable)
SInv    .            (boots unavailable)
Will    .....        (no amulet)
Stlth   +            (no ring)
HPRegen 1.13/turn    (no ring)
MPRegen 0.10/turn

%: no passive effects
@: no status effects
A: large, unfitting armour, claws 3, regeneration 1, shaggy fur 1, tough skin 1
a: no special abilities


You were on level 7 of the Dungeon.
You visited 1 branch of the dungeon, and saw 7 of its levels.

You collected 383 gold pieces.

Inventory:

Hand Weapons
 a - a +0 flail
 k - a +5 whip (weapon)
Missiles
 p - a large rock (quivered)
Armour
 b - a +0 robe (worn)
 c - a +1 hat (worn)
 f - a +0 cloak (worn)
Wands
 e - a wand of charming (4)
 q - a wand of iceblast (7)
Scrolls
 d - a scroll of magic mapping
 i - 4 scrolls of teleportation
Potions
 g - 2 potions of heal wounds
 h - 6 potions of curing
 j - 4 potions of brilliance {unknown}
 l - a potion of invisibility
 m - a potion of haste {unknown}
 n - 2 potions of attraction {unknown}
 o - a potion of mutation {unknown}
 s - a potion of flight {unknown}


   Skills:
 + Level 5.0 Fighting
 + Level 5.9 Maces & Flails
 + Level 5.5 Throwing
 + Level 5.4 Dodging


You had 7 spell levels left.
You didn't know any spells.
Your spell library contained the following spells:

 Spells                   Type           Power      Damage    Failure   Level
 Freeze                   Ice            0%         1d3       50%         1
 Cigotuvi's Dreadful Rot  Necr/Pois/Air  0%         N/A       65%         2
 Scorch                   Fire           0%         2d5       65%         2
 Dazzling Flash           Conj/Hex       0%         N/A       86%         3
 Frozen Ramparts          Ice            0%         1d1       86%         3
 Hailstorm                Conj/Ice       0%         3d3       86%         3
 Volatile Blastmotes      Fire/Tloc      0%         2d10      86%         3
 Dispel Undead            Necr           0%         3d6       99%         4
 Flame Wave               Conj/Fire      0%         2d4       99%         4
 Iskenderun's Mystic Bla  Conj/Tloc      0%         2d3       99%         4
 Leda's Liquefaction      Hex/Erth       0%         N/A       99%         4
 Manifold Assault         Tloc           0%         N/A       99%         4
 Lee's Rapid Deconstruct  Erth           0%         3d4*      100%        5
 Death Channel            Necr           0%         N/A       100%        6
 Dispersal                Tloc           0%         N/A       100%        6
 Starburst                Conj/Fire      0%         6d3       100%        6
 Statue Form              Tmut/Erth      0%         N/A       100%        6
 Summon Cactus Giant      Summ           0%         N/A       100%        6
 Disjunction              Tloc           0%         N/A       100%        8


Dungeon Overview and Level Annotations

Branches:
Dungeon (7/15)
 Temple: D:4-7

Altars:
Cheibriados
Elyvilon
Uskayaw

Shops:
D:4 :!

Annotations:
D:7 Joseph


Innate Abilities, Weirdness & Mutations

You are too large for most types of armour.
You have claws for hands.
Your natural rate of healing is unusually fast.
You are covered in fur. (AC +1)
You have tough skin. (AC +1)


Message History

Joseph is lightly wounded.
Joseph closely misses you.
You whack Joseph!
Joseph is moderately wounded.
You barely miss Joseph.
Joseph is moderately wounded.
Joseph closely misses you.
You whack Joseph!
Joseph is moderately wounded.
Joseph hits you with a +0 quarterstaff.
You hit Joseph.
Joseph is moderately wounded.
Joseph hits you with a +0 quarterstaff!
You hit Joseph.
Joseph is heavily wounded.
Joseph hits you with a +0 quarterstaff!
* * * LOW HITPOINT WARNING * * *
You whack Joseph! You claw Joseph.
Joseph is severely wounded.
You hit Joseph.
Joseph is severely wounded.
Joseph hits you with a +0 quarterstaff!
* * * LOW HITPOINT WARNING * * *
You barely miss Joseph.
Joseph is severely wounded.
Joseph closely misses you.
You hit Joseph.
Joseph is severely wounded.
Joseph hits you with a +0 quarterstaff.
* * * LOW HITPOINT WARNING * * *
You hit Joseph.
Joseph is almost dead.
Joseph hits you with a +0 quarterstaff!
* * * LOW HITPOINT WARNING * * *
You barely miss Joseph.
Joseph is almost dead.
You whack Joseph!
Joseph is almost dead.
Joseph hits you with a +0 quarterstaff!
You die...

..###+#### . ### +.# #.#
#### #.# ... #.# ##.
#########+# #.# #..
#.......@@# ##.####..
#.###.##### #........
#..>#.### #........
####.....#########.#######
....................#
###.#####.###########
.........# #.#.####### #


You could see Joseph.

Vanquished Creatures
  Sigmund (D:6)
  A wraith (D:6)
  3 yaks (D:5)
  A black bear (D:6)
  3 ogres
  2 centaurs
  2 scorpions
  A howler monkey (D:6)
  3 hounds
  An orc priest (D:6)
  A jelly (D:4)
  An orc wizard (D:5)
  2 iguanas (D:5)
  3 gnolls
  9 adders
  2 shadow imps (D:6)
  8 white imps
  5 ufetubi
  3 worms
  A dart slug (D:2)
  10 orcs
  2 endoplasms
  5 giant cockroaches
  9 goblins
  3 hobgoblins
  6 jackals (D:4)
  5 quokkas
  2 ball pythons
  2 bats
  3 frilled lizards
  5 kobolds
  5 rats
110 creatures vanquished.

Vanquished Creatures (collateral kills)
  An orc (D:5)
1 creature vanquished.

Grand Total: 111 creatures vanquished

Notes
Turn   | Place    | Note
-------+----------+-------------------------------------------
     0 | D:1      | Jerry the Troll Gladiator began the quest for the Orb.
     0 | D:1      | Reached XP level 1. HP: 19/19 MP: 0/0
   332 | D:1      | Reached XP level 2. HP: 27/28 MP: 1/1
   648 | D:1      | Reached XP level 3. HP: 14/35 MP: 2/2
   868 | D:2      | Reached XP level 4. HP: 34/42 MP: 3/3
  1915 | D:4      | Found a snail-covered altar of Cheibriados.
  1932 | D:4      | Reached XP level 5. HP: 37/50 MP: 4/4
  2077 | D:4      | Found Uposku's Vocational Training.
  2153 | D:4      | Found Usutoshru's Distillery.
  2525 | D:4      | Reached XP level 6. HP: 53/59 MP: 5/5
  2899 | D:5      | Entered Level 5 of the Dungeon
  3124 | D:5      | Noticed a yak
  3125 | D:5      | Noticed a yak
  3125 | D:5      | Noticed a yak
  3210 | D:4      | Reached XP level 7. HP: 47/67 MP: 6/6
  3246 | D:5      | Killed a yak
  3343 | D:5      | Killed a yak
  3360 | D:5      | Killed a yak
  3463 | D:5      | Found a hide-covered altar of Uskayaw.
  3472 | D:5      | Reached skill level 5 in Maces & Flails
  3472 | D:5      | Reached XP level 8. HP: 78/78 MP: 7/7
  3670 | D:5      | Found a white marble altar of Elyvilon.
  4068 | D:6      | Reached skill level 5 in Throwing
  4111 | D:6      | Reached skill level 5 in Dodging
  4393 | D:6      | Noticed Sigmund
  4504 | D:6      | Killed Sigmund
  4505 | D:6      | Reached skill level 5 in Fighting
  4981 | D:7      | Noticed Joseph
  4997 | D:7      | HP: 1/80 [Joseph/+0 quarterstaff (12)]
  4999 | D:7      | Mangled by Joseph

Illustrated notes

Levels and vault maps discovered:
D:1:      erik_arrival_orb_chamber, layout_basic, kennysheep_boxes
D:2:      layout_rooms
D:3:      layout_basic, fountainhead
D:4:      layout_basic, mainiacjoe_overflow_chevrons, serial_shops, shop,
          nicolae_shop_vocational
D:5:      layout_basic, lemuel_crystal_altar, eat_drink_and_be_merry_uskayaw,
          corexii_hall_statues_l
D:6:      layout_loops_cross, serial_demonic, serial_demonic_c,
          serial_demonic_b, serial_demonic_c, serial_demonic_c,
          serial_demonic_e, serial_demonic_f, serial_demonic_g,
          corexii_corridor_pit, uniq_sigmund
D:7:      layout_basic, minmay_temple_entry_gardened_gates, serial_shops,
          kennysheep_little_box, minmay_misc_feat_x,
          chequers_serial_rivers_micro_e, nicolae_stop_n_shop_2, uniq_duvessa,
          uniq_joseph

Skill      XL: |  1  2  3  4  5  6  7  8 |
---------------+-------------------------+-----
Throwing       | 2 3 4 5 |  5.5
Fighting       | 2 3 4 5 |  5.0
Maces & Flails | 3 4 5 |  5.9
Dodging        | 3 4 5 |  5.4

Action                     |  1- 3 |  4- 6 |  7- 9 || total
---------------------------+-------+-------+-------++-------
  Melee: Flail             |    36 |       |       ||    36
         Punch             |     1 |       |     5 ||     6
         Whip              |    37 |   194 |   227 ||   458
  Throw: Throwing net      |       |     1 |     2 ||     3
         Large rock        |       |     1 |     1 ||     2
    Use: Scroll            |     1 |     8 |     4 ||    13
   Stab: Sleeping          |       |     1 |       ||     1
         Held in net/web   |       |     1 |     3 ||     4
 Armour: Robe              |    18 |    74 |    69 ||   161
  Dodge: Dodged            |    39 |   130 |   125 ||   294
